 Dungeon Crawl Stone Soup version 0.31.0-11-ge490571c62 (webtiles) character file.

Game seed: 10304466985892925798

18 qw the Shooter (level 2, -1/16 HPs)
             Began as a Deep Elf Hunter on Feb 3, 2024.
             Succumbed to their own poison gas
             ... on level 1 of the Dungeon.
             The game lasted 00:00:01 (632 turns).

qw the Shooter (Deep Elf Hunter)                     Turns: 632, Time: 00:00:02

Health: -1/16      AC:  9    Str:  8    XL:     2   Next: 51%
Magic:  4/4        EV: 10    Int: 13    God:
Gold:   32         SH:  0    Dex: 18    Spells: 1/1 levels left

rFire   . . .        a - +0 shortbow
rCold   . . .        (shield currently unavailable)
rNeg    . . .        i - +0 ring mail
rPois   .            (no helmet)
rElec   .            j - +0 cloak
rCorr   .            e - +2 pair of gloves
SInv    .            (no boots)
Will    +....        (no amulet)
Stlth   +            (no ring)
HPRegen 0.22/turn    (no ring)
MPRegen 0.09/turn

%: no passive effects
@: lethally poisoned (-1 -> -12), enlightened, flying
A: no striking features
a: no special abilities


You were on level 1 of the Dungeon.
You visited 1 branch of the dungeon, and saw 1 of its levels.

You collected 32 gold pieces.


   Skills:
 - Level 1.5 Fighting
 + Level 6.3 Ranged Weapons
 - Level 2.4 Dodging
 - Level 1.2 Stealth


You had one spell level left.
You didn't know any spells.
Your spell library was empty.

Inventory:

Hand Weapons
 a - a +0 shortbow (weapon)
Armour
 e - a +2 pair of gloves (worn)
 i - a +0 ring mail (worn)
 j - a +0 cloak (worn)
Potions
 f - a potion of enlightenment
 g - a potion of heal wounds

Dungeon Overview and Level Annotations

Branches:
Dungeon (1/15)

Altars:


Message History

626 ||| READING scroll labelled AZARIA DINKO.
As you read the scroll labelled AZARIA DINKO, it crumbles to dust.
You hear a loud clanging noise!
It was a scroll of noise.
Done exploring.
627 ||| READING scroll labelled VAGHE DIFEXTAFIME.
As you read the scroll labelled VAGHE DIFEXTAFIME, it crumbles to dust.
It is a scroll of identify.
627 ||| IDENTIFYING lumpy silvery potion
g - a potion of heal wounds Done exploring.
628 ||| DRINKING 2 red potions.
It was a potion of enlightenment.
You feel very buoyant.
You fly up into the air.
Done exploring.
629 ||| DROPPING scroll of butterflies.
You drop a scroll of butterflies.
Done exploring.
What level of the Dungeon? (default 1, ? - help) Sorry, I don't know how to get there.
Enter note:
Enter note:
Enter note:
Enter note:
Enter note:
Enter note:
Enter note:
Enter note:
Enter note:
Enter note:
Enter note:
Enter note: You are engulfed in poison gas.
You are lethally poisoned!
You feel very sick.
631 ||| Stepping ~*~*~tactically~*~*~ (cloud).
You feel very sick.
Things that are here:
a scroll of butterflies; a +0 leather armour
There is a lethal amount of poison in your body!
You die...

..........#.........#.#
..#########..#¤..#..#.##
...#### ###.........#.##
..)...###.....~.~.....##
...##..##.#..#.8.#..#.##
...###....#.........#.##
...####..#####+#+####.##
#..........).+.#¤¤.+..##
#.#....(...###.#@###..##
#.#.#####..###.#¤#...###
..#............¤¤#.#####
#######.......¤¤¤0.#####
# #.....###¤0####### #
#.....############
#.....############
#.....############
#.....#


There were no monsters in sight!

Vanquished Creatures
  A dart slug (D:1)
  2 endoplasms (D:1)
  2 giant cockroaches (D:1)
  2 goblins (D:1)
  A hobgoblin (D:1)
  A kobold (D:1)
  3 ball pythons (D:1)
  2 frilled lizards (D:1)
14 creatures vanquished.

Notes
Turn   | Place    | Note
-------+----------+-------------------------------------------
     0 | D:1      | qw the Deep Elf Hunter began the quest for the Orb.
     0 | D:1      | Reached XP level 1. HP: 12/12 MP: 3/3
     0 | D:1      | 0 ||| qw: Version: 0.3-a-158-g18b3111
     0 | D:1      | 0 ||| qw: Game counter: 4253
     0 | D:1      | 0 ||| qw: Melee chars always use a shield: true
     0 | D:1      | 0 ||| qw: God list: Okawaru
     0 | D:1      | 0 ||| qw: Allow faded altars: false
     0 | D:1      | 0 ||| qw: Do Orc after clearing Dungeon:15 true
     0 | D:1      | 0 ||| qw: Do second Lair branch before Depths: true
     0 | D:1      | 0 ||| qw: Lair rune preference: random
     0 | D:1      | 0 ||| qw: Goals: Normal
     0 | D:1      | 0 ||| PLANNING D:1-11
   102 | D:1      | Reached XP level 2. HP: 14/16 MP: 4/4
   197 | D:1      | Reached skill level 6 in Ranged Weapons
   603 | D:1      | 603 ||| UPGRADING to +2 pair of gloves.
   608 | D:1      | 608 ||| UPGRADING to +0 ring mail.
   618 | D:1      | 618 ||| DROPPING +0 leather armour.
   619 | D:1      | 619 ||| UPGRADING to +0 cloak.
   624 | D:1      | 624 ||| READING scroll labelled QOWONA PISEPHA.
   625 | D:1      | 625 ||| READING scroll labelled IVOETUOPN.
   626 | D:1      | 626 ||| READING scroll labelled AZARIA DINKO.
   627 | D:1      | 627 ||| READING scroll labelled VAGHE DIFEXTAFIME.
   627 | D:1      | 627 ||| IDENTIFYING lumpy silvery potion
   628 | D:1      | 628 ||| DRINKING 2 red potions.
   629 | D:1      | 629 ||| DROPPING scroll of butterflies.
   631 | D:1      | 631 ||| Stepping ~*~*~tactically~*~*~ (cloud).
   631 | D:1      | HP: 2/16 [poisoned by you (poison gas)]
   632 | D:1      | Succumbed to their own poison gas

Levels and vault maps discovered:
D:1:      shiori_arrival_oz, layout_basic, serial_bayou_pond_a,
          nicolae_eternal_life, st_stairs_14

Skill      XL: |  1  2 |
---------------+-------+-----
Ranged Weapons | 6 |  6.3
Fighting       | |  1.5
Dodging        | |  2.4
Stealth        | |  1.2

Action                     || total
---------------------------++-------
   Fire: Shortbow          ||    37
    Use: Scroll            ||     4
         Potion            ||     1
 Armour: Leather armour    ||     3
  Dodge: Dodged            ||     8

Table legend:
 A = Non-vault XP
 B = Vault XP
 C = Vault XP percentage of total XP
 D = Non-vault monster count
 E = Vault monster count
 F = Vault count percentage of total count
                 A         B        C        D         E       F
            +---------+---------+-------+---------+---------+-------
      Total |      17 |      10 |  37.0 |      10 |       4 |  28.6
            +---------+---------+-------+---------+---------+-------
        D:1 |      17 |      10 |  37.0 |      10 |       4 |  28.6
            +---------+---------+-------+---------+---------+-------
